 Dungeon Crawl Stone Soup version 0.24-a0-412-ge138f7edaf (webtiles) character file.

Game seed: 6853686913044693673

23 KristoblXynda the Magician (level 2, -1/24 HPs)
             Began as a Troll Wizard on June 6, 2019.
             Slain by a leopard gecko (5 damage)
             ... on level 2 of the Dungeon.
             The game lasted 00:01:22 (884 turns).

KristoblXynda the Magician (Troll Wizard)            Turns: 884, Time: 00:01:23

Health: -1/24      AC:  6    Str: 11 (14) XL:     2   Next: 75%
Magic:  4/4        EV:  9    Int: 11 (14) God:
Gold:   82         SH:  0    Dex:  5 (8)  Spells: 4/5 levels left

rFire    . . .     SeeInvis .     - Unarmed
rCold    . . .     Gourm    +   (no shield)
rNeg     . . .     Faith    .   a - +0 robe
rPois    .         Spirit   .   b - +0 hat
rElec    .         Reflect  .   (no cloak)
rCorr    .         Harm     .   (gloves unavailable)
MR       .....                  (boots unavailable)
Stlth    +.........             (no amulet)
HPRegen  0.48/turn              (no ring)
MPRegen  0.09/turn              (no ring)

@: no status effects
A: large, unfitting armour, claws 3, fast metabolism 3, gourmand, regeneration
1, shaggy fur 1, tough skin 3
a: no special abilities


You were on level 2 of the Dungeon.
You were very full.

You visited 1 branch of the dungeon, and saw 2 of its levels.

You collected 82 gold pieces.

Inventory:

Armour
 a - a +0 robe (worn)
 b - a +0 hat (worn)
Scrolls
 c - 2 scrolls of remove curse {unknown}
 e - a scroll of teleportation {unknown}
 h - 2 scrolls of identify {unknown}
 i - 2 scrolls of fog {unknown}
Potions
 j - a potion of magic {unknown}
Comestibles
 d - 3 rations


   Skills:
 - Level 1.5 Dodging
 - Level 1.0 Stealth
 + Level 1.6 Unarmed Combat
 + Level 2.3 Spellcasting
 - Level 0.6 Conjurations
   Level 0.6 Summonings
   Level 0.6 Translocations


You had 4 spell levels left.
You knew the following spells:

 Your Spells              Type           Power        Failure   Level  Hunger
a - Magic Dart            Conj           #...         22%         1    ##.....

Your spell library contained the following spells:

 Spells                   Type           Power        Failure   Level  Hunger
 Blink                    Tloc           N/A          32%         2    ###....
 Call Imp                 Summ           #.......     32%         2    ###....
 Slow                     Hex            #.......     41%         2    ###....
 Conjure Flame            Conj/Fire      #.......     58%         3    ####...
 Mephitic Cloud           Conj/Pois/Air  #.......     61%         3    ####...


Dungeon Overview and Level Annotations

Branches:
Dungeon (2/15)

Altars:


Innate Abilities, Weirdness & Mutations

You are too large for most types of armour.
You have claws for hands.
Your metabolism is lightning-fast.
You like to eat raw meat.
Your natural rate of healing is unusually fast.
You are covered in fur. (AC +1)
You have extremely tough skin. (AC +3)


Message History

You feel weakened.
You feel dopey.
You feel clumsy. The bat hits you but does no damage.
The adder closely misses you.
The leopard gecko bites you but does no damage.
You claw the adder!
The adder is almost dead.
The bat completely misses you. The adder closely misses you.
The leopard gecko bites you.
* * * LOW HITPOINT WARNING * * *
You miss the adder.
The adder is almost dead.
The adder bites you.
* * * LOW HITPOINT WARNING * * *
The leopard gecko bites you.
* * * LOW HITPOINT WARNING * * *
The bat hits you but does no damage.
You barely miss the adder.
The adder is almost dead.
The bat completely misses you. The adder barely misses you.
The leopard gecko bites you.
You die...

.....................#
.................###.#
.................###.#
.....[......[....#...#
.....##..........###.# #
.....##..........# #.# .#
...!.......##..#####.##.#
...........##..###......#
.#.........##..l@S......#
#..............##.#÷####
#...#...............#
#........†....>.....#
.....................#
.##.......#..........# .
#..^....#..........#
#.....###..........#
#.$.... #..........#


You could see an adder and a leopard gecko.

Vanquished Creatures
  A ball python (D:2)
  3 goblins
  6 hobgoblins (D:1)
  3 jackals (D:1)
  A quokka (D:2)
  3 bats
  A frilled lizard (D:1)
  2 rats (D:1)
20 creatures vanquished.

Notes
Turn   | Place    | Note
-------+----------+-------------------------------------------
     0 | D:1      | KristoblXynda the Troll Wizard began the quest for the Orb.
     0 | D:1      | Reached XP level 1. HP: 16/16 MP: 2/2
   213 | D:1      | Reached skill level 1 in Unarmed Combat
   214 | D:1      | Reached XP level 2. HP: 22/24 MP: 4/4
   884 | D:2      | Slain by a leopard gecko

Levels and vault maps discovered:
D:1:      beargit_arrival_greenhouse, layout_loops_corners, st_stairs_3,
          corexii_hall_statues_deadend
D:2:      layout_basic

Skill      XL: |  1 |
---------------+----+-----
Unarmed Combat | 1 |  1.6
Dodging        | |  1.5
Stealth        | |  1.0
Spellcasting   | |  2.3
Conjurations   | |  0.6
Summonings     | |  0.6
Translocations | |  0.6

Action                   || total
-------------------------++-------
Melee: Unarmed           ||    67
  Use: Potion            ||     2
  Eat: Chunk             ||    13
Armor: Robe              ||    45
Dodge: Dodged            ||    42

Table legend:
 A = Non-vault XP
 B = Vault XP
 C = Vault XP percentage of total XP
 D = Non-vault monster count
 E = Vault monster count
 F = Vault count percentage of total count
                 A         B        C        D         E       F
            +---------+---------+-------+---------+---------+-------
      Total |      32 |       2 |   5.9 |      18 |       2 |  10.0
            +---------+---------+-------+---------+---------+-------
        D:1 |      25 |       2 |   7.4 |      14 |       2 |  12.5
        D:2 |       7 |       0 |   0.0 |       4 |       0 |   0.0
            +---------+---------+-------+---------+---------+-------
